 Dungeon Crawl Stone Soup version 0.31-a0-931-g7b59d4eb97 (webtiles) character file.

Game seed: 8522255261330087155

2254 Shayle the Trooper (level 9, -1/139 HPs)
             Began as an Ogre Hexslinger on Oct 20, 2023.
             Was a Follower of Ru.
             Succumbed to a killer bee's poison
             ... on level 7 of the Dungeon.
             The game lasted 00:20:44 (8312 turns).

Shayle the Trooper (Ogre Hexslinger)                Turns: 8312, Time: 00:20:44

Health: -1/139     AC: 24    Str: 14    XL:     9   Next: 37%
Magic:  1/13       EV:  1    Int: 18    God:    Ru [*.....]
Gold:   374        SH:  0    Dex: 11    Spells: 5/14 levels left

rFire   . . .        w - +0 giant spiked club
rCold   . . .        (shield currently unavailable)
rNeg    . . .        c - melded +0 robe
rPois   +            (helmet currently unavailable)
rElec   .            g - melded +2 cloak
rCorr   .            (gloves unavailable)
SInv    .            (boots unavailable)
Will    +....        y - amulet of guardian spirit
Stlth   +            u - +5 ring of evasion
HPRegen 0.43/turn    l - ring of willpower
MPRegen 0.13/turn

%: guardian spirit
@: lethally poisoned (-1 -> -13), tree-form, invisible
A: stationary, stasis, torment immunity, boosted hp, large, unfitting armour,
(tough skin 1), inability to read after injury 2
a: Renounce Religion


You were on level 7 of the Dungeon.
You worshipped Ru.
Ru was aware of your devotion.
You were a tree.
You visited 2 branches of the dungeon, and saw 8 of its levels.

You collected 374 gold pieces.

Inventory:

Hand Weapons
 a - a +1 sling
 e - a +1 spear of venom
 t - a +2 dagger of venom
 w - a +0 giant spiked club (weapon)
Armour
 c - a +0 robe (melded)
 g - a +2 cloak (melded)
 m - a +0 tower shield
 v - the +0 robe of the Dwarven Hall {rC- rN+ Str+3 Dex+8}
   (You found it on level 5 of the Dungeon)

   Str+3:     It affects your strength (+3).
   Dex+8:     It affects your dexterity (+8).
   rC-:       It makes you vulnerable to cold.
   rN+:       It protects you from negative energy.
Jewellery
 l - a ring of willpower (right branch)
 u - a +5 ring of evasion (left branch)
 y - an amulet of guardian spirit (around neck)
Talismans
 j - a flux talisman
Wands
 d - a wand of flame (36)
 o - a wand of digging (1)
Scrolls
 b - 3 scrolls of poison
 h - 3 scrolls of noise
 n - a scroll of teleportation
 q - a scroll of silence
 z - a scroll of immolation
 B - a scroll of vulnerability
 C - a scroll of enchant armour
Potions
 f - a potion of degeneration
 i - a potion of enlightenment
 k - a potion of curing
 p - a potion of might {unknown}
 x - a potion of mutation {unknown}
 A - a potion of resistance {unknown}


   Skills:
 + Level 7.3 Fighting
 + Level 6.1 Maces & Flails
 - Level 1.3 Ranged Weapons
 + Level 5.2 Dodging
 - Level 4.3 Shields
 - Level 3.0 Spellcasting
 - Level 2.6 Hexes
 + Level 1.7 Translocations
 - Level 0.8 Fire Magic
 - Level 2.1 Ice Magic


You had 5 spell levels left.
You knew the following spells:

 Your Spells              Type           Power      Damage    Failure   Level
a - Jinxbite              Hex            24%        N/A       9%          2
b - Frozen Ramparts       Ice            20%        1d4       21%         3
c - Manifold Assault      Tloc           8%         N/A       63%         4

Your spell library contained the following spells:

 Spells                   Type           Power      Damage    Failure   Level
 Freeze                   Ice            40%        1d6       7%          1
 Blink                    Tloc           16%        N/A       12%         2
 Lesser Beckoning         Tloc           16%        N/A       12%         2
 Sigil of Binding         Hex            12%        N/A       16%         3
 Momentum Strike          Conj/Tloc      10%        3d8       17%         2
 Ozocubu's Armour         Ice            10%        N/A       21%         3
 Inner Flame              Hex/Fire       9%         N/A       24%         3
 Dazzling Flash           Conj/Hex       14%        N/A       28%         3
 Hailstorm                Conj/Ice       6%         3d4       32%         3
 Cause Fear               Hex            6%         N/A       47%         4
 Dimensional Bullseye     Hex/Tloc       5%         N/A       54%         4
 Silence                  Hex/Air        3%         N/A       95%         5
 Agony                    Necr           2%         N/A       99%         5
 Dispersal                Tloc           4%         N/A       100%        6
 Malign Gateway           Summ/Tloc      2%         N/A       100%        7
 Ozocubu's Refrigeration  Ice            5%         4d8       100%        7
 Disjunction              Tloc           4%         N/A       100%        8
 Summon Horrible Things   Summ           1%         N/A       100%        8


Dungeon Overview and Level Annotations

Branches:
Dungeon (7/15)             Temple (1/1) D:4

Altars:
Cheibriados
Dithmenos
Fedhas
Gozag
Kikubaaqudgha
Makhleb
Nemelex Xobeh
Qazlal
Ru
Sif Muna
Trog
Uskayaw
Xom
Yredelemnul
The Shining One

Shops:
D:6 :

Annotations:
D:3 Sigmund
D:5 1 transporter
D:7 exclusion: oklob plant


Innate Abilities, Weirdness & Mutations

You are a tree.
Your roots penetrate the ground, keeping you stationary.
You cannot be teleported.
You are immune to unholy pain and torment.
Your maximum health is greatly increased.
Your equipment is partially melded.
You are too large for most types of armour.
((You have tough skin. (AC +1)))
You sometimes lose the ability to read scrolls when taking damage.


Message History

The wall freezes the killer bee.
You kill the killer bee!
The wall freezes the killer bee. x2
The killer bee stings you but does no damage.
Unknown command.
You catch the helpless killer bee completely off-guard!
You impale the killer bee!!
You kill the killer bee!
The frozen ramparts melt away.
The killer bee barely misses you. The killer bee stings you.
* * * LOW HITPOINT WARNING * * *
Unknown command.
You closely miss the killer bee.
The killer bee is severely wounded.
The killer bee stings you but does no damage. x3
You barely miss the killer bee.
The killer bee is heavily wounded.
You can read scrolls again.
The killer bee stings you but does no damage. x3
You miss the killer bee.
The killer bee is heavily wounded.
The killer bee stings you.
* * * LOW HITPOINT WARNING * * *
You are poisoned.
The killer bee poisons you! The killer bee stings you!
* * * LOW HITPOINT WARNING * * *
The killer bee stings you but does no damage.
You catch the helpless killer bee completely off-guard!
You hit the killer bee.
The killer bee is severely wounded.
You feel sick. The killer bee stings you.
* * * LOW HITPOINT WARNING * * *
You are lethally poisoned!
The killer bee poisons you! The killer bee stings you.
* * * LOW HITPOINT WARNING * * *
The killer bee stings you but does no damage.
You strike the helpless killer bee from behind!
You hit the killer bee.
The killer bee is almost dead.
You die...

*,,,,*******
#.....#
****,,**
#.....#
**,,*
#.#.#.# **,*
#.....# *,**
#.....#
*,,***
#.#.#.#
**,,,**
#.....#
***,,*
#.....# **,*
#.#♣#.# *,*
#.y...#
*,**#.....#
#.........#
###########


You could see a killer bee (unable to see you).

Vanquished Creatures
  Duvessa (D:6)
  4 ice beasts
  A sky beast (D:7)
  3 centaurs
  2 phantoms (D:5)
  5 bullfrogs
  A scorpion (D:7)
  Dowan (D:6)
  3 killer bees (D:7)
  A howler monkey (D:7)
  A hound (D:6)
  A gnoll bouda (D:5)
  2 orc priests
  9 iguanas
  2 orc wizards
  3 sleepcaps
  7 adders
  3 gnolls (D:5)
  A shadow imp (D:6)
  A white imp (D:7)
  2 ufetubi (D:6)
  2 worms
  2 dart slugs
  14 orcs
  5 ball pythons
  11 endoplasms
  5 giant cockroaches
  9 goblins
  10 hobgoblins
  7 jackals
  8 kobolds
  8 quokkas
  5 bats
  3 frilled lizards
  4 rats
147 creatures vanquished.

Notes
Turn   | Place    | Note
-------+----------+-------------------------------------------
     0 | D:1      | Shayle the Ogre Hexslinger began the quest for the Orb.
     0 | D:1      | Reached XP level 1. HP: 19/19 MP: 2/2
    88 | D:1      | Reached XP level 2. HP: 28/28 MP: 3/3
   145 | D:1      | Reached skill level 1 in Maces & Flails
   218 | D:1      | Reached skill level 2 in Fighting
   310 | D:1      | Reached XP level 3. HP: 35/35 MP: 4/4
   844 | D:2      | Reached XP level 4. HP: 41/44 MP: 5/5
  1536 | D:2      | Reached skill level 3 in Fighting
  1922 | D:3      | Reached XP level 5. HP: 47/53 MP: 6/6
  1971 | D:3      | Reached skill level 1 in Shields
  2169 | D:3      | Noticed Sigmund
  2196 | D:4      | Found a staircase to the Ecumenical Temple.
  2309 | Temple   | Entered the Ecumenical Temple
  2323 | Temple   | Became a worshipper of Ru the Awakened
  2479 | D:4      | Reached XP level 6. HP: 60/62 MP: 7/7
  2671 | D:4      | Reached skill level 4 in Fighting
  3077 | D:4      | Identified the +5 scale mail "Dath" {Harm +Inv Str-5
                  | Slay+2}
  3260 | D:4      | You fall into a shaft and drop 1 floor!
  3260 | D:5      | Entered Level 5 of the Dungeon
  3470 | D:5      | Reached XP level 7. HP: 55/71 MP: 8/8
  3668 | D:5      | Identified the +0 robe of the Dwarven Hall {rC- rN+ Str+3
                  | Dex+8}
  4147 | D:5      | Reached skill level 5 in Fighting
  4281 | D:5      | Found an opulent altar of Gozag.
  4333 | D:5      | Reached skill level 5 in Maces & Flails
  4333 | D:5      | Reached XP level 8. HP: 37/81 MP: 9/9
  4736 | D:3      | Found a faded altar of an unknown god.
  5197 | D:4      | Learned a level 2 spell: Jinxbite
  5201 | D:4      | Learned a level 3 spell: Frozen Ramparts
  5326 | D:5      | Found a transporter.
  6170 | D:6      | Noticed Duvessa
  6170 | D:6      | Noticed Dowan
  6184 | D:6      | Killed Duvessa
  6185 | D:6      | Reached skill level 1 in Ice Magic
  6196 | D:6      | Reached skill level 6 in Fighting
  6226 | D:6      | Killed Dowan
  6770 | D:6      | Found Olomn's Book Shop.
  7040 | D:6      | Found an ancient bone altar of Kikubaaqudgha.
  7065 | D:6      | Gained mutation: You occasionally lose the ability to read
                  | scrolls when taking damage. [Ru sacrifice]
  7065 | D:6      | Gained mutation: You sometimes lose the ability to read
                  | scrolls when taking damage. [Ru sacrifice]
  7065 | D:6      | Reached * piety under Ru
  7471 | D:7      | Reached XP level 9. HP: 23/92 MP: 13/13
  7732 | D:7      | Learned a level 4 spell: Manifold Assault
  7968 | D:7      | Reached skill level 5 in Dodging
  7989 | D:7      | Reached skill level 1 in Translocations
  8032 | D:7      | Reached skill level 7 in Fighting
  8199 | D:7      | Noticed an oklob plant
  8311 | D:7      | HP: 5/139 [poisoned by a killer bee]
  8312 | D:7      | Succumbed to a killer bee's poison

Illustrated notes

Levels and vault maps discovered:
D:1:      roderic_chinese_lattice_arrival, layout_basic
D:2:      layout_basic
D:3:      layout_loops_ring, ebering_ecumenical_altar_rust,
          ebering_dispersal_statue_hall, hangedman_abyss_or_decor_stabs,
          uniq_sigmund
D:4:      layout_cave_pods, minmay_temple_entry_metal_lava,
          nicolae_elevator_lobby_plus
D:5:      layout_layer_cave, pdpol_temple_overflow_zin_treasury_gozag_greed,
          gammafunk_ghost_abyssal_escape
D:6:      layout_gridville, lemuel_crystal_altar, serial_shops, shop,
          uniq_duvessa
D:7:      lemuel_slime, layout_loops_ring, serial_glass, glass_columns_a,
          glass_columns_b, minmay_misc_feat_iff, columned_hall_lemuel,
          minivault_1
Temple:   nicolae_temple_god_jail

Skill      XL: |  1  2  3  4  5  6  7  8  9 |
---------------+----------------------------+-----
Maces & Flails | 1 2 3 4 5 6 |  6.1
Dodging        | 2 3 4 5 |  5.2
Fighting       | 2 3 4 5 6 7 |  7.3
Shields        | 1 2 3 4 |  4.3
Spellcasting   | 3 |  3.0
Ice Magic      | 2 |  2.1
Translocations | 1 |  1.7
Ranged Weapons | |  1.3
Hexes          | |  2.6
Fire Magic     | |  0.8

Action                     |  1- 3 |  4- 6 |  7- 9 || total
---------------------------+-------+-------+-------++-------
  Melee: Spear             |    86 |   182 |    39 ||   307
         Punch             |       |     2 |       ||     2
         Giant spiked club |       |       |   297 ||   297
   Fire: Sling             |    14 |       |       ||    14
   Cast: Jinxbite          |       |       |     4 ||     4
         Frozen Ramparts   |       |       |     2 ||     2
 Invoke: Reject Sacrifices |       |       |     1 ||     1
         Sacrifice Words   |       |       |     1 ||     1
  Evoke: Wand              |       |       |     3 ||     3
    Use: Scroll            |       |     2 |    19 ||    21
         Potion            |       |     1 |     5 ||     6
   Stab: Sleeping          |     1 |     3 |       ||     4
         Invisible         |       |       |     3 ||     3
 Armour: Robe              |    47 |   131 |   287 ||   465
         Skin              |       |       |    47 ||    47
  Dodge: Dodged            |    21 |    81 |   464 ||   566
  Block: Tower shield      |       |    27 |       ||    27

Table legend: (Time is in decaauts)
 A = Elapsed time spent in this place.
 B = Non-inter-level travel time spent in this place.
 C = Inter-level travel time spent in this place.
 D = Time resting spent in this place.
 E = Time spent auto-exploring this place.
 F = Levels seen in this place.
 G = Mean time per level.
                   A        B        C        D        E       F      G
               +--------+--------+--------+--------+--------+-----+--------+
         Total |   8530 |   8476 |     54 |   2176 |   3949 |   8 | 1066.2 |
       Dungeon |   8505 |   8451 |     54 |   2176 |   3949 |   7 | 1215.0 |
        Temple |     24 |     24 |      0 |      0 |      0 |   1 |   24.0 |
               +--------+--------+--------+--------+--------+-----+--------+

Top non-repeatable levels by time:
     D:5: 2090 daAuts
     D:4: 1324 daAuts
     D:6: 1323 daAuts
     D:2: 1147 daAuts
     D:7: 1005 daAuts
     D:3: 936 daAuts
     D:1: 679 daAuts
  Temple: 24 daAuts
